 Dungeon Crawl Stone Soup version 0.28-a0-664-gc179e30c89 (webtiles) character file.

Game seed: 17073875650521654789

314 hellse the Cudgeller (level 6, -5/38 HPs)
             Began as a Gargoyle Delver on Oct 15, 2021.
             Was an Initiate of Okawaru.
             Splashed by a jelly's acid (7 damage)
             ... on level 5 of the Dungeon.
             The game lasted 00:07:57 (4869 turns).

hellse the Cudgeller (Gargoyle Delver)              Turns: 4869, Time: 00:07:58

Health: -5/38      AC: 10    Str: 17    XL:     6   Next: 43%
Magic:  6/6        EV:  9    Int: 11    God:    Okawaru [......]
Gold:   144        SH:  0    Dex: 11    Spells: 5/5 levels left

rFire   . . .      SeeInvis .   d - +0 morningstar
rCold   . . .      Faith    .   (no shield)
rNeg    + . .      Spirit   .   m - +0 scale mail
rPois   ∞          Reflect  .   (no helmet)
rElec   +          Harm     .   (no cloak)
rCorr   .          Rampage  .   s - +2 pair of gloves {Stlth+}
Will    .....                   i - +0 pair of boots
Stlth   ++........              (no amulet)
HPRegen 0.12/turn               (no ring)
MPRegen 0.10/turn               (no ring)

@: corroded
A: sickness immunity, AC +4, negative energy resistance 1, electricity
resistance, torment resistance 1, petrification resistance
a: Renounce Religion


You were on level 5 of the Dungeon.
You worshipped Okawaru.
Okawaru was noncommittal.
You visited 2 branches of the dungeon, and saw 6 of its levels.

You collected 183 gold pieces.
You spent 39 gold pieces at shops.

Inventory:

Hand Weapons
 a - a +0 mace
 d - a +0 morningstar (weapon)
Missiles
 f - 15 poisoned darts (quivered)
Armour
 b - a +0 leather armour of positive energy
 i - a +0 pair of boots (worn)
 m - a +0 scale mail (worn)
 s - a +2 pair of gloves of stealth (worn)
Wands
 g - a wand of digging (3)
Scrolls
 c - a scroll of fog
 e - 2 scrolls of fear
 k - 2 scrolls of enchant armour {unknown}
 l - a scroll of magic mapping
 n - 4 scrolls of identify {unknown}
 o - 3 scrolls of teleportation
 p - 5 scrolls of amnesia {unknown}
 q - 2 scrolls of blinking {unknown}
Potions
 h - a potion of experience {unknown}
 j - a potion of invisibility {unknown}
 r - 2 potions of curing
 t - a potion of flight {unknown}
 u - a potion of might {unknown}


   Skills:
 + Level 4.0 Fighting
 - Level 6.3 Maces & Flails
 - Level 1.5 Dodging
 - Level 5.4 Stealth


You had 5 spell levels left.
You didn't know any spells.
Your spell library contained the following spells:

 Spells                   Type           Power      Damage    Failure   Level
 Ozocubu's Armour         Ice            0%         N/A       98%         3
 Metabolic Englaciation   Hex/Ice        0%         N/A       100%        5
 Simulacrum               Ice/Necr       Unusable   N/A       N/A         6

Dungeon Overview and Level Annotations

Branches:
Dungeon (5/15)             Temple (1/1) D:5

Altars:
Ashenzari
Cheibriados
Gozag
Hepliaklqana
Kikubaaqudgha
Nemelex Xobeh
Okawaru
Qazlal
Ru
Sif Muna
Uskayaw
Vehumet
Wu Jian
Xom
Zin
The Shining One

Shops:
D:4 **[


Innate Abilities, Weirdness & Mutations

You are immune to sickness and miasma.
Your stone body is resilient. (AC +4)
You are immune to poison.
You resist negative energy. (rN+)
You are resistant to electric shocks. (rElec)
You are resistant to unholy torment.
You are immune to petrification.


Message History

A shadow imp comes into view.
The shadow imp shouts!
You closely miss the shadow imp.
The shadow imp hits you but does no damage.
The shadow imp hits you but does no damage.
Found a stone staircase leading down.
The shadow imp lashes its tail.
Found a stone staircase leading up.
There is a stone staircase leading down here.
Found an orange potion.
The shadow imp shouts, "Scamper hence, thou peaked guts-griping frater!"
The shadow imp gestures at you.
You barely resist.
There is a stone staircase leading up here.
The gnoll throws a throwing net.
The throwing net hits you.
You become entangled in the net!
You stop ascending the stairs.
The shadow imp gestures at you. Pain shoots through your body!
* * * LOW HITPOINT WARNING * * *
Unknown command.
You struggle against the net.
The gnoll hits you but does no damage.
You struggle against the net.
The gnoll hits you but does no damage.
The shadow imp shouts, "Quit, thou villainous ruttish toady!"
The shadow imp hits you but does no damage.
You struggle against the net.
The gnoll hits you from afar with a +0 spear.
* * * LOW HITPOINT WARNING * * *
The shadow imp hits you but does no damage.
A gnoll comes into view. It is wielding a +0 flail.
The jelly hits you but does no damage.
You shred the net and break free! The gnoll hits you but does no damage.
The shadow imp gestures at you.
You barely resist. The jelly barely misses you.
The gnoll sergeant hits you but does no damage.
The gnoll hits you but does no damage. The shadow imp hits you.
* * * LOW HITPOINT WARNING * * *
The jelly hits you.
* * * LOW HITPOINT WARNING * * *
The acid corrodes you!
You are splashed with acid!
You die...

#..# ###.......
.....#...####$..#....#
#..............o#.....
.............#.#.#...
.............###....
.........#...#...#.
#.........#...Z.# .
#......#####.>§##
##.@.......#..o..#
###..5J.....#...#...#
###....ggg.......###....
................#. #...
......#........... ...
.....##>...g..... ...
....# ##.......# ....
!... #.......# .... ...
#......## ....


You could see a gnoll sergeant, a jelly, 3 gnolls and a shadow imp.

Vanquished Creatures
  An orc priest (D:4)
  2 hounds (D:5)
  An iguana (D:4)
  An orc wizard (D:4)
  A hound zombie (D:5)
  2 hound skeletons (D:4)
  5 adders
  A worm (D:4)
  A dart slug (D:3)
  9 orcs
  9 ball pythons
  8 endoplasms
  5 goblins
  9 hobgoblins
  6 jackals
  A quokka (D:2)
  5 bats
  6 frilled lizards
  5 kobolds
  9 rats
87 creatures vanquished.

Notes
Turn   | Place    | Note
-------+----------+-------------------------------------------
     0 | D:5      | hellse the Gargoyle Delver began the quest for the Orb.
     0 | D:5      | Reached XP level 1. HP: 14/14 MP: 1/1
    42 | D:4      | Found Qyec's Specific Store.
    42 | D:4      | Found Cyddi's General Store.
    52 | D:4      | Noticed an orc priest
    52 | D:4      | Noticed an orc wizard
   121 | D:5      | Reached XP level 2. HP: 19/19 MP: 2/2
   154 | D:5      | Reached skill level 3 in Maces & Flails
   154 | D:5      | Reached XP level 3. HP: 9/23 MP: 3/3
   160 | D:5      | Reached skill level 4 in Maces & Flails
   423 | D:5      | Noticed a phantom
   446 | D:5      | Found a staircase to the Ecumenical Temple.
   451 | Temple   | Entered the Ecumenical Temple
   468 | Temple   | Became a worshipper of Warmaster Okawaru
   557 | D:4      | Reached XP level 4. HP: 22/28 MP: 4/4
   892 | D:4      | Found Memyso's Antique Armour Boutique.
  1328 | D:2      | Reached skill level 5 in Maces & Flails
  1328 | D:2      | Reached XP level 5. HP: 21/32 MP: 5/5
  1877 | D:1      | Found a faded altar of an unknown god.
  3778 | D:3      | Found a shimmering blue altar of Sif Muna.
  4388 | D:4      | Reached skill level 6 in Maces & Flails
  4388 | D:4      | Reached XP level 6. HP: 37/37 MP: 6/6
  4461 | D:4      | Bought a scroll of teleportation for 39 gold pieces
  4869 | D:5      | Splashed by a jelly's acid

Illustrated notes

Levels and vault maps discovered:
D:1:      onia_arrival_handbag, layout_loops_ring,
          dreamdust_ecumenical_altar_statues
D:2:      layout_basic
D:3:      layout_basic, led_sif_pool
D:4:      layout_cave_pools, serial_shops, nicolae_shop_stone,
          nicolae_specific_store, minmay_misc_feat_plants
D:5:      layout_layer_cave, minmay_temple_entry_arrows
Temple:   lightli_temple_of_artemis

Skill      XL: |  1  2  3  4  5  6 |
---------------+-------------------+-----
Maces & Flails | 3 4 5 6 |  6.3
Fighting       | 4 |  4.0
Dodging        | |  1.5
Stealth        | |  5.4

Action                   |  1- 3 |  4- 6 || total
-------------------------+-------+-------++-------
Melee: Mace              |    29 |    50 ||    79
       Morningstar       |       |   221 ||   221
  Use: Scroll            |     1 |     1 ||     2
       Potion            |     1 |     1 ||     2
 Stab: Sleeping          |       |    10 ||    10
Armor: Leather armour    |    12 |    21 ||    33
       Scale mail        |       |   148 ||   148
Dodge: Dodged            |    26 |   147 ||   173

Table legend: (Time is in decaauts)
 A = Elapsed time spent in this place.
 B = Non-inter-level travel time spent in this place.
 C = Inter-level travel time spent in this place.
 D = Time resting spent in this place.
 E = Time spent auto-exploring this place.
 F = Levels seen in this place.
 G = Mean time per level.
                   A        B        C        D        E       F      G
               +--------+--------+--------+--------+--------+-----+--------+
         Total |   4921 |   4725 |    196 |   1066 |   2493 |   6 |  820.2 |
       Dungeon |   4890 |   4694 |    196 |   1066 |   2493 |   5 |  978.0 |
        Temple |     31 |     31 |      0 |      0 |      0 |   1 |   31.0 |
               +--------+--------+--------+--------+--------+-----+--------+

Top non-repeatable levels by time:
     D:3: 1322 daAuts
     D:2: 1260 daAuts
     D:1: 897 daAuts
     D:4: 856 daAuts
     D:5: 554 daAuts
  Temple: 31 daAuts
